Map: Frozen Temple

Players

blackxored

  • Race: Zerg Zerg
  • League: Diamond

Honey - Winner!

  • Race: Protoss Protoss
  • League: Diamond

VOD

Have the link to the VOD?

Description

Time

  • Played on: June 30, 2016, 10:16 a.m.
  • Length: 11:15
Show
View Real Time Build Order
Export as new Build Order

blackxored Zerg 

Build Orders: 3 Hatch before Pool, Lurkers 

Get SALT Encoding   

  12  0:01  Drone  
  13  0:08  Drone  
  14  0:25  Extractor  
  14  0:26  Drone  
  15  0:32  Overlord  
  15  0:53  Drone x3  
  18  1:08  Hatchery  
  17  1:15  Drone  
  18  1:27  Hatchery  
  18  1:28  Drone  
  18  1:29  Drone  
  19  1:37  Extractor  
  18  1:47  Spawning Pool  
  18  1:48  Drone  
  18  1:49  Drone  
  19  2:01  Drone  
  20  2:13  Drone  
  21  2:19  Drone  
  22  2:31  Drone x2  
  22  2:32  Drone  
  22  2:36  Queen  
  27  2:38  Queen  
  27  2:40  Queen  
  27  2:44  Overlord  
  31  2:48  Zergling x2  
  31  2:50  Zergling x2  
  33  2:55  Metabolic Boost  
  33  3:04  Zergling x6  
  36  3:18  Overlord  
  36  3:30  Drone x6  
  42  3:36  Pneumatized Carapace  
  42  3:46  Drone x5  
  46  4:02  Drone  
  47  4:09  Queen  
  49  4:13  Overlord x3  
  49  4:17  Drone  
  49  4:18  Roach Warren, Extractor, Queen  
  50  4:31  Lair  
  50  4:35  Drone  
  50  4:37  Drone x2  
  50  4:38  Drone  
  54  4:46  Drone x12  
  66  4:54  Extractor, Drone  
  66  4:55  Extractor  
  66  4:56  Drone x2  
  66  5:09  Drone x4  
  66  5:10  Drone  
  66  5:12  Drone  
  72  5:30  Glial Reconstitution  
  72  5:31  Hydralisk Den  
  72  5:32  Overlord x2, Roach  
  72  5:33  Overlord x2  
  73  5:38  Evolution Chamber x2  
  71  5:48  Overseer  
  71  5:55  Drone x4  
  71  5:56  Drone x2  
  77  5:58  Extractor, Drone  
  77  5:59  Extractor, Drone x6  
  77  6:02  Hatchery  
  81  6:05  Muscular Augments  
  81  6:06  Zerg Missile Weapons Level 1, Zerg Ground Armor Level 1  
  81  6:09  Roach  
  81  6:10  Roach x3  
  89  6:17  Roach x2  
  93  6:30  Hydralisk x4  
  101  6:35  Extractor x2  
  101  6:38  Zergling x4  
  101  6:39  Zergling x10  
  106  6:40  Overlord  
  106  6:41  Overlord  
  106  6:56  Overlord x2  
  106  6:57  Overlord x2  
  106  7:03  Drone x4  
  106  7:07  Drone x2  
  112  7:09  Hydralisk x5  
  122  7:17  Lurker Den  
  122  7:20  Queen  
  122  7:21  Drone x3  
  122  7:22  Drone x4  
  131  7:35  Roach x2  
  131  7:36  Roach x3  
  141  7:45  Hydralisk x3  
  147  7:53  Baneling Nest  
  146  8:04  Zerg Ground Armor Level 2, Zerg Missile Weapons Level 2  
  146  8:15  Hatchery, Overseer x2  
  145  8:20  Hydralisk x3  
  145  8:21  Hydralisk x4  
  145  8:23  Overlord x4  
  158  8:43  Extractor  
  158  8:45  Extractor  
  156  8:52  Lurker x6  
  156  8:53  Lurker x6  
  163  9:10  Drone x6  
  163  9:11  Drone x2  
  171  9:46  Roach x5  
  175  10:01  Lurker x6  
  181  10:09  Infestation Pit  
  181  10:10  Spire  
  125  10:30  Roach x3  
  125  10:31  Roach x26  
  158  10:42  Roach x7  
  167  10:43  Roach  
Show
View Real Time Build Order
Export as new Build Order

Honey Protoss - Winner!

Build Orders: 1 Gate Expand 

Get SALT Encoding   

  12  0:01  Probe (Chrono Boost)  
  13  0:11  Probe (Chrono Boost)  
  14  0:21  Pylon  
  14  0:22  Probe (Chrono Boost)  
  15  0:39  Probe (Chrono Boost)  
  15  0:41  Gateway  
  17  0:50  Probe (Chrono Boost)  
  17  1:00  Probe (Chrono Boost)  
  17  1:02  Assimilator  
  18  1:23  Nexus  
  18  1:34  Cybernetics Core  
  18  1:38  Probe (Chrono Boost)  
  19  1:46  Assimilator  
  19  1:48  Probe (Chrono Boost)  
  20  1:59  Probe (Chrono Boost)  
  21  2:06  Pylon  
  21  2:09  Probe (Chrono Boost)  
  21  2:13  Warp Gate  
  22  2:25  Mothership Core (Chrono Boost)  
  22  2:26  Adept  
  26  2:43  Probe (Chrono Boost)  
  27  2:46  Probe (Chrono Boost)  
  28  2:54  Probe (Chrono Boost)  
  28  2:57  Probe (Chrono Boost)  
  30  3:01  Stalker  
  30  3:04  Probe (Chrono Boost)  
  33  3:06  Robotics Facility  
  33  3:08  Probe (Chrono Boost)  
  34  3:17  Gateway  
  34  3:21  Probe (Chrono Boost)  
  34  3:23  Probe (Chrono Boost)  
  36  3:31  Sentry, Probe (Chrono Boost)  
  39  3:35  Probe (Chrono Boost)  
  40  3:42  Probe (Chrono Boost)  
  41  3:50  Probe (Chrono Boost)  
  41  3:52  Pylon  
  42  4:01  Nexus  
  42  4:12  Immortal  
  46  4:21  Gateway, Probe x2 (Chrono Boost)  
  48  4:26  Forge  
  48  4:31  Probe x2 (Chrono Boost)  
  48  4:33  Sentry  
  48  4:38  Adept  
  54  4:48  Pylon  
  54  5:02  Protoss Ground Weapons Level 1  
  54  5:06  Observer, Probe x2 (Chrono Boost)  
  57  5:13  Assimilator  
  57  5:15  Assimilator  
  57  5:17  Twilight Council, Probe x2 (Chrono Boost)  
  57  5:18  Probe (Chrono Boost)  
  60  5:27  Probe x2 (Chrono Boost)  
  62  5:29  Immortal, Probe (Chrono Boost)  
  62  5:32  Pylon  
  62  5:35  Pylon  
  67  5:38  Probe (Chrono Boost), Photon Cannon  
  67  5:39  Pylon  
  68  5:51  Robotics Bay  
  68  5:57  Probe (Chrono Boost)  
  68  5:58  Probe (Chrono Boost)  
  68  6:00  Probe (Chrono Boost)  
  71  6:05  Blink  
  71  6:06  Stalker  
  71  6:07  Stalker  
  75  6:18  Stalker, Probe x2 (Chrono Boost)  
  79  6:26  Gateway x2  
  79  6:27  Gateway  
  79  6:37  Gateway, Probe (Chrono Boost)  
  79  6:38  Gateway, Probe x2 (Chrono Boost)  
  82  6:40  Assimilator  
  82  6:45  Pylon  
  82  6:48  Robotics Facility, Probe (Chrono Boost)  
  82  6:52  Disruptor  
  86  6:55  Stalker x2  
  86  7:01  Protoss Ground Weapons Level 2  
  90  7:03  Probe x2 (Chrono Boost)  
  90  7:05  Probe (Chrono Boost)  
  93  7:14  Probe (Chrono Boost)  
  94  7:20  Stalker x2  
  94  7:21  Stalker  
  100  7:32  Disruptor  
  103  7:37  Probe x3 (Chrono Boost)  
  106  7:53  Disruptor  
  109  8:01  Pylon  
  109  8:02  Pylon  
  109  8:04  Assimilator  
  109  8:09  Pylon  
  109  8:11  Pylon  
  109  8:13  Pylon  
  109  8:18  Warp Prism  
  111  8:22  Pylon  
  111  8:23  Pylon  
  111  8:33  Stalker  
  111  8:34  Stalker x7  
  126  8:43  Immortal  
  130  9:01  Stalker x4  
  130  9:02  Stalker x4  
  146  9:04  Pylon  
  146  9:14  Pylon x2  
  146  9:16  Pylon  
  146  9:18  Pylon  
  146  9:20  Pylon  
  146  9:30  Stalker x2  
  146  9:31  Stalker x5  
  159  9:50  Nexus  
  159  9:52  Pylon  
  159  10:06  Stalker x3  
  159  10:07  Stalker x2  
  147  10:36  Stalker  
  147  10:37  Stalker x4  
  147  10:38  Stalker x3  
Tags
 
Add a new tag
Caveats
  • Supply blocks, unpowered buildings, or Contaminate may cause inaccurate times.
  • Supply counts are checked every 10 seconds.